 Dungeon Crawl Stone Soup version 0.20-a0-795-ga03948b (webtiles) character file.

484 pisechka the Chopper (level 6, -2/84 HPs)
             Began as a Minotaur Berserker on Mar 2, 2017.
             Was a Priest of Trog.
             Slain by Pikel
             ... wielding a +0 whip of electrocution
              (19 damage)
             ... on level 4 of the Dungeon.
             The game lasted 00:07:53 (2823 turns).

pisechka the Chopper (Minotaur Berserker)           Turns: 2823, Time: 00:07:54

Health: -2/84      AC:  6    Str: 28    XL:     6   Next: 88%
Magic:  5/5        EV: 12    Int:  4    God:    Trog [***...]
Gold:   225        SH:  0    Dex: 10    Spells: 5/5 levels left

rFire    . . .     SeeInvis .   a - +0 hand axe
rCold    . . .     Gourm    .   e - +0 ring mail
rNeg     . . .     Faith    .   (no shield)
rPois    .         Spirit   .   (helmet restricted)
rElec    .         Reflect  .   (no cloak)
rCorr    .         Harm     .   (no gloves)
MR       +....                  (no boots)
Stlth    ..........             (no amulet)
Regen    0.3/turn               (no ring)
MPRegen  0.1/turn               i - ring of protection from magic

@: berserking (expiring), very quick
A: retaliatory headbutt, horns 2
a: Berserk, Trog's Hand, Burn Spellbooks, Renounce Religion


You were on level 4 of the Dungeon.
You worshipped Trog.
Trog was most pleased with you.
You were not hungry.

You visited 1 branch of the dungeon, and saw 4 of its levels.

You collected 225 gold pieces.

Inventory:

Hand Weapons
 a - a +0 hand axe (weapon)
Armour
 e - a +0 ring mail (worn)
Jewellery
 i - a ring of protection from magic (left hand)
Wands
 b - a wand of paralysis (19/24)
 j - a wand of flame (17/48)
 k - a wand of lightning (6/15)
 l - a wand of polymorph (15/24)
Scrolls
 p - a scroll of teleportation
Potions
 f - a potion of heal wounds {unknown}
 g - 2 potions of flight {unknown}
 h - a potion of might
 m - 2 potions of lignification {unknown}
 n - a potion of mutation {unknown}
 q - a potion of berserk rage {unknown}
Comestibles
 c - 2 bread rations
 d - 2 fruits
 o - 2 chunks of flesh


   Skills:
 + Level 5.2 Fighting
 + Level 6.8 Axes
 + Level 4.8 Armour
 + Level 3.2 Dodging
 + Level 0.6 Stealth


You had 5 spell levels left.
You didn't know any spells.

Dungeon Overview and Level Annotations

Branches:
Dungeon (4/15)
 Temple: D:4-7

Altars:
Elyvilon
Kikubaaqudgha
Okawaru
Uskayaw
Yredelemnul

Annotations:
D:4 Natasha, Pikel


Innate Abilities, Weirdness & Mutations

You reflexively headbutt those who attack you in melee.
You have a pair of horns on your head.


Message History

A red film seems to cover your vision as you go berserk!
You feel yourself moving faster!
You feel mighty!
You feel a lot more hungry.
Pikel hits you with a whip of electrocution.
You are electrocuted!
You hit Pikel but do no damage. Your headbutt misses Pikel. You slash Pikel!
Pikel is moderately wounded.
Pikel barely misses you.
Natasha casts a spell.
You hit Pikel but do no damage.
Pikel is moderately wounded.
Pikel hits you with a whip of electrocution!
* * * LOW HITPOINT WARNING * * *
You closely miss Pikel.
Pikel is moderately wounded.
The crimson imp blinks!
You slash Pikel!
Pikel is heavily wounded.
Pikel hits you but does no damage.
You are electrocuted!
You die...

#.........>.....##
########.........#
#..######..#.......#
#.........#####...#
.........#######.#.#
.......### #....#.#
.<..... ###.######
.##...#ยง###...#
##....pK@.###
....p.###......
.##.#. ...... ..
...... .. ...... ##
...... .$....


You could see Pikel and 2 slaves.

Vanquished Creatures
  Sigmund (D:2)
  A slave (D:4)
  A bullfrog (D:3)
  A bullfrog skeleton (D:4)
  Natasha (twice) (D:4)
  Terence (D:2)
  6 adders
  3 worms
  3 dart slugs (D:1)
  8 leopard geckos
  An orc (D:3)
  A ball python (D:3)
  4 bats
  2 giant cockroaches
  7 goblins
  11 hobgoblins
  8 jackals
  A quokka (D:2)
  7 frilled lizards
  A giant cockroach zombie (D:4)
  7 kobolds
  9 rats
  A spectral orc (D:3)
87 creatures vanquished.

Notes
Turn   | Place    | Note
-------+----------+-------------------------------------------
     0 | D:1      | pisechka the Minotaur Berserker began the quest for the Orb.
     0 | D:1      | Reached XP level 1. HP: 19/19 MP: 0/0
   460 | D:1      | Reached XP level 2. HP: 27/27 MP: 1/1
   590 | D:1      | Reached skill level 4 in Axes
   675 | D:1      | Reached ** piety under Trog
   741 | D:1      | Reached XP level 3. HP: 33/33 MP: 2/2
   956 | D:2      | Noticed Sigmund
   969 | D:2      | Killed Sigmund
   969 | D:2      | Reached skill level 5 in Axes
   969 | D:2      | Reached XP level 4. HP: 5/41 MP: 3/3
   969 | D:2      | Reached XP level 5. HP: 6/47 MP: 4/4
  1330 | D:2      | Found an iron altar of Okawaru.
  1504 | D:2      | Noticed Terence
  1507 | D:2      | Reached skill level 6 in Axes
  1520 | D:2      | Killed Terence
  1884 | D:2      | Reached XP level 6. HP: 55/55 MP: 5/5
  2066 | D:3      | Found a hide-covered altar of Uskayaw.
  2066 | D:3      | Found a white marble altar of Elyvilon.
  2069 | D:3      | Found an ancient bone altar of Kikubaaqudgha.
  2103 | D:3      | Reached skill level 5 in Fighting
  2676 | D:3      | Found a basalt altar of Yredelemnul.
  2678 | D:3      | Reached *** piety under Trog
  2743 | D:4      | Noticed Natasha
  2751 | D:4      | Killed Natasha
  2756 | D:4      | Noticed Natasha
  2761 | D:4      | Killed Natasha
  2802 | D:4      | Noticed a slave
  2805 | D:4      | Noticed Pikel
  2805 | D:4      | Noticed a slave
  2806 | D:4      | Noticed Natasha
  2806 | D:4      | Noticed a slave
  2807 | D:4      | Noticed a slave
  2808 | D:4      | Killed a slave
  2823 | D:4      | Slain by Pikel

Vault maps used:
D:1:      mushboom_english_gardens, minmay_pentomino_s2
D:2:      okawaru_trees_2, uniq_terence, uniq_sigmund
D:3:      grunt_temple_overflow_open, yredelemnul_forgotten_temple_becter,
          first_bread, st_stairs_10
D:4:      kennysheep_generic_room_11, uniq_duvessa, uniq_natasha, uniq_pikel

Skill      XL: |  1  2  3  4  5  6 |
---------------+-------------------+-----
Fighting       | 4 5 |  5.2
Axes           | 4 5 6 |  6.8
Armour         | 3 4 |  4.8
Dodging        | 3 |  3.2
Stealth        | |  0.6

Action                   |  1- 3 |  4- 6 || total
-------------------------+-------+-------++-------
Melee: Hand axe          |    54 |   140 ||   194
       Headbutt          |     6 |    25 ||    31
Invok: Berserk           |     2 |     1 ||     3
  Use: Scroll            |       |     3 ||     3
  Eat: Fruit             |     1 |     5 ||     6
       Bread ration      |       |     1 ||     1
Armor: Ring mail         |    19 |    28 ||    47
Dodge: Dodged            |    42 |    79 ||   121
